[Event "Sautron op 15th"]
[Site "Sautron"]
[Date "2015.10.24"]
[Round "6.9"]
[White "Loiseau, Quentin"]
[Black "Delorme, Alban"]
[Result "1-0"]
[ECO "A44"]
[WhiteElo "2449"]
[BlackElo "2303"]
[Annotator "RR"]
[PlyCount "63"]
[EventDate "2015.10.24"]
[EventType "swiss"]
[EventRounds "9"]
[EventCountry "FRA"]
[SourceTitle "CBM 169 Extra"]
[Source "ChessBase"]
[SourceDate "2015.12.18"]
[SourceVersion "1"]
[SourceVersionDate "2015.12.18"]
[SourceQuality "1"]
[TimeControl "40/5400+30:1800+30"]
[WhiteClock "0:10:32"]
[BlackClock "0:43:28"]

1. d4 c5 2. d5 e5 {[%emt 0:
00:48] La vieille Benoni n'a pas très bonne réputation théorique} 3. e4 d6 4. Nc3 Be7 5. Nf3 (5. Bb5+ Nd7 (5... Bd7 6. Bxd7+ Nxd7 7. Nf3 $14 )) 5... Bg4 6. Bd3 (6. h3 Bxf3 7.
Qxf3 Bg5 8. Bxg5 Qxg5 9. h4 Qd8 10. Nd1 Ne7 11. Ne3 O-O 12. O-O-O Nd7 13. Kb1
a6 14. g3 b5 15. Bh3 c4 16. h5 h6 17. Bxd7 Qxd7 18. g4 f6 19. Nf5 b4 20. Qe3 c3
21. b3 a5 22. a4 bxa3 23. Ka2 Rfc8 24. Nxh6+ gxh6 25. Qxh6 a4 26. b4 Kf7 27.
Qh7+ Ke8 28. Qh8+ Kf7 29. Qh7+ Ke8 30. Kxa3 Qb5 31. Qh8+ Kf7 32. Qh7+ Ke8 33.
Qh8+ Kd7 34. Qxf6 Rc4 35. Rb1 Rb8 {Ding,L (2717)-Liu,Q (2501) Xinghua 2014 1/
2-1/2}) 6... Nf6 7. h3 Bh5 (
7... Bxf3 8. Qxf3 Nbd7 9. Qe2 O-O 10. g3 Rc8 11. a4 $14) 8. Be3 O-O 9. g4 $1 Bg6 10. Nh4 Bxe4 11. Nxe4 Nxe4 12. Nf5 $16 Nf6 {[%emt 0:00:34] La petite combinaison
Be4 n'a pas résolu les problèmes d'espace et les Blancs prennent
l'initiative à l'aile-roi} 13. g5 Ne8 14.
Qh5 $40 g6 15. Qh6 Qd7 $1 {[%emt 0:06:15][%cal Gd7f5] Menace de prendre le Nf5} (
15... gxf5 16. Bxf5) 16. Rg1 $1 {[%emt 0:15:55] Après un 1/4 d'heure de
réflexion, le MI trouve un moyen de renforcer l'attaque} gxf5 17. Rg4 $1 {[%emt 0:00:11][%cal Gg4h4,Gd3h7] La pointe} Bd8 18. Rh4 f6 19. g6 Qg7 20. gxh7+ Kh8 21. Qh5 $44 {
[%emt 0:07:13] Si les Noirs arrivent à terminer le développement les
compensations du MI ne seront probablement pas suffisantes} f4 22. Rg4 Qe7 $6 {[%emt 0:00:10] Joué а tempo alors que les
Noirs avaient encore presqu'une heure а la pendule} (22... f5 $1 23. Rxg7 Nxg7
24. Qf3 fxe3 25. Qxe3 Nd7 26. O-O-O e4 $17 ) 23. Rg8+ Rxg8 24. hxg8=Q+ Kxg8 25. O-O-O Qf7 26. Bg6 Qg7 27. Bd2 Nc7 28.
Rg1 Kf8 29. Rg4 $18 Ke7 30. Bf5 Qf7 31. Qh8 Ne8 32. Be6 1-0